 Dungeon Crawl Stone Soup version 0.20-b1 (webtiles) character file.

3432 Ijustatesigmund the Warrior (level 9, -7/78 HPs)
             Began as a Yellow Draconian Conjurer on May 19, 2017.
             Was a Believer of Okawaru.
             Mangled by a hornet (8 damage)
             ... while paralysed by a hornet
             ... on level 8 of the Dungeon.
             The game lasted 00:38:54 (10445 turns).

Ijustatesigmund the Warrior (DrCj)                 Turns: 10445, Time: 00:38:55

Health: -7/78      AC: 12    Str: 10    XL:     9   Next: 77%
Magic:  26/29      EV:  2    Int: 17    God:    Okawaru [**....]
Gold:   129        SH:  0    Dex: 14    Spells: 10/20 levels left

rFire    . . .     SeeInvis +   q - +0 flail
rCold    . . .     Gourm    .   (no shield)
rNeg     . . .     Faith    .   (armour unavailable)
rPois    .         Spirit   .   (helmet restricted)
rElec    .         Reflect  .   (no cloak)
rCorr    +         Harm     .   y - +1 pair of gloves
MR       .....     Clarity  +   g - +2 pair of boots
Stlth    +++.......             (no amulet)
Regen    0.3/turn               i - ring of see invisible
MPRegen  0.3/turn               p - ring of magical power

@: paralysed, lethally poisoned (-7 -> -14), about to teleport, slowed
A: spit acid, acid resistance, unfitting armour, antennae 1, camouflage 1,
clarity, high mp 1, evolution 1, cold-blooded, AC +7
a: Breathe Acid, Heroism, Renounce Religion


You were on level 8 of the Dungeon.
You worshipped Okawaru.
Okawaru was pleased with you.
You were not hungry.

You visited 2 branches of the dungeon, and saw 9 of its levels.
You also visited: Sewer.

You collected 447 gold pieces.
You spent 318 gold pieces at shops.

Inventory:

Hand Weapons
 q - a +0 flail (weapon)
Armour
 g - a +2 pair of boots (worn)
 y - a +1 pair of gloves (worn)
Jewellery
 i - a ring of see invisible (left hand)
 p - a ring of magical power (right hand)
 v - an uncursed ring of ice
Wands
 s - a wand of polymorph (10/24)
 B - a wand of random effects (1/48)
Scrolls
 h - a scroll of fog
 k - 4 scrolls of remove curse
 t - 4 scrolls of blinking
 u - 3 scrolls of teleportation
 x - 2 scrolls of immolation
 z - a scroll of magic mapping
 C - a scroll of summoning
 E - a scroll of amnesia
Potions
 c - 3 potions of heal wounds
 e - a potion of resistance
 f - a potion of flight
 j - a potion of cancellation
 l - a potion of ambrosia
 o - 3 potions of lignification
 r - 2 potions of invisibility
 A - a potion of agility
Books
 a - a book of Conjurations

   Spells                             Type                      Level
   a - Magic Dart                     Conjuration                  1
   b - Searing Ray                    Conjuration                  2
   c - Dazzling Spray                 Conjuration/Hexes            3
   d - Fulminant Prism                Conjuration/Hexes            4
   e - Force Lance                    Conjuration/Translocation    4
   f - Iskenderun's Mystic Blast      Conjuration                  4
 n - a book of Necromancy

   Spells                             Type                      Level
   a - Pain                           Necromancy                   1
   b - Animate Skeleton               Necromancy                   1
   c - Vampiric Draining              Necromancy                   3
   d - Regeneration                   Charms/Necromancy            3
   e - Animate Dead                   Necromancy                   4
   f - Control Undead                 Necromancy                   4
Comestibles
 b - 2 bread rations
 d - 4 chunks of flesh
 m - 3 meat rations
 D - a royal jelly


   Skills:
 + Level 6.5 Fighting
 + Level 5.2 Maces & Flails
 - Level 2.6 Dodging
 - Level 1.7 Stealth
 + Level 6.3 Spellcasting
 - Level 5.1 Conjurations
 - Level 3.0 Hexes
 + Level 8.1 Invocations


You had 10 spell levels left.
You knew the following spells:

 Your Spells              Type           Power        Failure   Level  Hunger
a - Magic Dart            Conj           ###.         1%          1    None
b - Searing Ray           Conj           ###...       2%          2    None
c - Dazzling Spray        Conj/Hex       ###...       7%          3    ##.....
d - Iskenderun's Mystic   Conj           ###.....     14%         4    ####...


Dungeon Overview and Level Annotations

Branches:
Dungeon (8/15)             Temple (1/1) D:4
   Lair: D:8-11

Altars:
Ashenzari
Cheibriados
Dithmenos
Elyvilon
Fedhas
Gozag
Hepliaklqana
Kikubaaqudgha
Makhleb
Nemelex Xobeh
Okawaru
Qazlal
Ru
Trog
Uskayaw
Vehumet
Xom
Yredelemnul
Zin
The Shining One

Shops:
D:6 ?


Innate Abilities, Weirdness & Mutations

You can spit globs of acid.
You are resistant to acid.
Your golden yellow scales are hard. (AC +7)
You cannot fit into any form of body armour.
You are cold-blooded and may be slowed by cold attacks.
You have a pair of small antennae on your head.
Your skin changes colour to match your surroundings (Stealth+).
You possess an exceptional clarity of mind.
You have an increased reservoir of magic. (+10% MP)
You evolve.


Message History

The hornet stings you!
* * * LOW HITPOINT WARNING * * *
You feel as though you will be slow longer.
The hornet stings you.
* * * LOW HITPOINT WARNING * * *
You shrug off the repeated paralysis!
Blink to where?
Press: ? - help, Dir - move target cursor, f - you, p - hornet
Okay, then.
As you read the scroll of teleportation, it crumbles to dust.
You feel strangely unstable. The hornet stings you.
* * * LOW HITPOINT WARNING * * *
You feel as though you will be slow longer.
The hornet stings you!
* * * LOW HITPOINT WARNING * * *
You are lethally poisoned!
You suddenly lose the ability to move!
The hornet stings you but does no damage.
The hornet stings you!
You die...

##......#...............
#...........#####......
#.......#...## #......
###....###(..# #.....#
#.#### ##..## #....##
###y#.#.#...# ##.##
+#{#a##...## ##
#y#y#......#
#@#.##.#..##
######.##..# ####..##
##..# ##.# ###


You could see 2 hornets and a worker ant.

Vanquished Creatures
  A two-headed ogre (D:8)
  A hippogriff (D:7)
  A water moccasin (D:7)
  2 phantoms
  2 ice beasts
  2 centaurs
  3 ogres
  3 bullfrogs
  A wyvern skeleton (D:6)
  4 killer bees (D:8)
  A scorpion (D:5)
  4 howler monkeys
  9 crimson imps
  3 orc wizards
  A centaur skeleton (D:6)
  A gnoll shaman (D:6)
  2 orc priests
  3 hounds
  A bullfrog skeleton (D:6)
  4 worker ants
  2 worker ant zombies (D:6)
  15 adders
  7 gnolls
  A shadow imp (D:6)
  2 oozes
  3 worms
  3 dart slugs (D:2)
  11 leopard geckos
  12 orcs
  4 ball pythons
  15 giant cockroaches
  10 goblins
  7 hobgoblins
  10 jackals
  4 quokkas
  19 bats
  4 frilled lizards
  A hobgoblin zombie (D:8)
  5 kobolds
  A kobold zombie (D:8)
  An orc skeleton (D:8)
  An orc zombie (D:8)
  7 rats
194 creatures vanquished.

Notes
Turn   | Place    | Note
-------+----------+-------------------------------------------
     0 | D:1      | Ijustatesigmund the Draconian Conjurer began the quest for the Orb.
     0 | D:1      | Reached XP level 1. HP: 14/14 MP: 3/3
   223 | D:1      | Reached skill level 1 in Fighting
   277 | D:1      | Reached XP level 2. HP: 23/23 MP: 0/5
   281 | D:1      | Learned a level 2 spell: Searing Ray
   750 | D:1      | Reached XP level 3. HP: 29/29 MP: 4/6
   818 | D:1      | Learned a level 3 spell: Dazzling Spray
  1112 | D:2      | Found a sparkling altar of Nemelex Xobeh.
  1350 | D:2      | Reached XP level 4. HP: 21/37 MP: 1/8
  2028 | D:3      | Found an ancient bone altar of Kikubaaqudgha.
  2226 | D:3      | Reached skill level 1 in Hexes
  2226 | D:3      | Reached XP level 5. HP: 30/45 MP: 1/10
  2478 | D:3      | Learned a level 4 spell: Iskenderun's Mystic Blast
  2874 | D:3      | Gained mutation: You have an increased reservoir of magic. (+10% MP) [potion of mutation]
  2874 | D:3      | Gained mutation: You have a pair of small antennae on your head. [potion of mutation]
  2874 | D:3      | Gained mutation: You evolve. [potion of mutation]
  2874 | D:3      | Gained mutation: You possess an exceptional clarity of mind. [potion of mutation]
  3210 | D:3      | Gained mutation: Your skin changes colour to match your surroundings (Stealth+). [evolution]
  3355 | D:3      | Found a radiant altar of Vehumet.
  3355 | D:3      | Found a burning altar of Makhleb.
  3558 | D:4      | Found a staircase to the Ecumenical Temple.
  3566 | D:4      | Noticed a phantom
  3571 | D:4      | Reached XP level 6. HP: 51/51 MP: 0/13
  3671 | D:4      | Found a bloodstained altar of Trog.
  3946 | D:4      | Found a glowing drain.
  3965 | Sewer    | Entered a sewer
  4673 | D:4      | Found Lyxzayn's Assorted Antiques.
  4834 | D:4      | Reached skill level 1 in Maces & Flails
  4834 | D:4      | Reached skill level 5 in Conjurations
  4924 | D:4      | Your scales start taking on a golden yellow colour.
  4924 | D:4      | Reached XP level 7. HP: 47/57 MP: 5/15
  5043 | Temple   | Entered the Ecumenical Temple
  5080 | Temple   | Became a worshipper of Warmaster Okawaru
  5524 | D:5      | Entered Level 5 of the Dungeon
  6403 | D:6      | Found Locagal's Magic Scroll Shoppe.
  6406 | D:6      | Bought a scroll of identify for 24 gold pieces
  6406 | D:6      | Bought a scroll of blinking for 90 gold pieces
  6406 | D:6      | Bought a scroll of identify for 24 gold pieces
  6430 | D:6      | Reached skill level 1 in Invocations
  6497 | D:6      | Reached skill level 2 in Invocations
  6747 | D:6      | Found a blossoming altar of Fedhas.
  6772 | D:6      | Reached skill level 3 in Invocations
  6896 | D:6      | Reached * piety under Okawaru
  6896 | D:6      | Reached skill level 4 in Invocations
  6896 | D:6      | Reached XP level 8. HP: 66/66 MP: 16/16
  7431 | D:6      | Reached skill level 5 in Invocations
  7692 | D:6      | Reached skill level 6 in Invocations
  7735 | D:6      | Found a glowing silver altar of Zin.
  7798 | D:6      | Found a snail-covered altar of Cheibriados.
  7935 | D:7      | Noticed a hippogriff
  7953 | D:7      | Killed a hippogriff
  8334 | D:7      | Reached skill level 5 in Spellcasting
  8385 | D:7      | Found an opulent altar of Gozag.
  8411 | D:7      | HP: 2/67 [poisoned by a water moccasin]
  8776 | D:7      | Reached ** piety under Okawaru
  8776 | D:7      | Reached skill level 7 in Invocations
  8776 | D:7      | Reached XP level 9. HP: 73/73 MP: 18/18
  8825 | D:7      | Reached skill level 5 in Fighting
  8842 | D:7      | You fall through a shaft!
  9133 | D:8      | Found a glowing golden altar of the Shining One.
  9347 | D:8      | Noticed a two-headed ogre
  9359 | D:8      | Killed a two-headed ogre
  9771 | D:7      | Reached skill level 5 in Maces & Flails
  9771 | D:7      | Reached skill level 8 in Invocations
 10177 | D:6      | Bought a scroll of enchant armour for 90 gold pieces
 10177 | D:6      | Bought a scroll of enchant armour for 90 gold pieces
 10441 | D:8      | Paralysed by a hornet for 3 turns
 10445 | D:8      | HP: 1/78 [hornet (15)]
 10445 | D:8      | Paralysed by a hornet for 2 turns
 10445 | D:8      | Mangled by a hornet

Skill      XL: |  1  2  3  4  5  6  7  8  9 |
---------------+----------------------------+-----
Fighting       | 1 2 3 4 6 |  6.5
Spellcasting   | 3 4 5 6 |  6.3
Hexes          | 1 2 3 |  3.0
Maces & Flails | 2 3 5 |  5.2
Conjurations   | 5 |  5.1
Dodging        | 2 |  2.6
Invocations    | 4 7 8 |  8.1
Stealth        | |  1.7

Action                   |  1- 3 |  4- 6 |  7- 9 || total
-------------------------+-------+-------+-------++-------
Melee: Unarmed           |     5 |       |       ||     5
       Short sword       |    35 |    34 |       ||    69
       Tailslap          |     7 |     7 |    21 ||    35
       Flail             |       |    25 |   135 ||   160
       Punch             |       |       |     2 ||     2
 Cast: Magic Dart        |    61 |   201 |   318 ||   580
       Searing Ray       |       |     7 |    15 ||    22
       Dazzling Spray    |       |     2 |     5 ||     7
       Iskenderun's Myst |       |       |     2 ||     2
Invok: Heroism           |       |       |     4 ||     4
 Abil: Breathe Acid      |       |       |     4 ||     4
Evoke: Wand              |       |       |     3 ||     3
  Use: Scroll            |     4 |     8 |    18 ||    30
       Potion            |       |     3 |     4 ||     7
 Stab: Sleeping          |     1 |     1 |     2 ||     4
       Invisible         |       |       |     1 ||     1
  Eat: Chunk             |     2 |     8 |    14 ||    24
       Royal jelly       |       |     2 |       ||     2
       Bread ration      |       |       |     1 ||     1
Armor: Skin              |    19 |    37 |   106 ||   162
Dodge: Dodged            |    51 |    78 |   234 ||   363
